 Dungeon Sprint DCSS version 0.31-a0-460-g9e667d4245 (webtiles) character file.

Game seed: 651781576219915490

114 rocky1 the Changeling (level 4, -2/28 HPs)
             Began as an Octopode Shapeshifter on Aug 5, 2023.
             Slain by an iguana (12 damage)
             ... in the Dungeon (Sprint IX: "|||||||||||||||||||||||||||||").
             The game lasted 00:00:15 (238 turns).

rocky1 the Changeling (Octopode Shapeshifter)        Turns: 238, Time: 00:00:16

Health: -2/28      AC:  1    Str: 14    XL:     4   Next: 97%
Magic:  4/4        EV: 14    Int: 10    God:
Gold:   0          SH:  0    Dex: 14    Spells: 3/3 levels left

rFire   . .          .
                       - Unarmed
rCold   . . .        (no shield)
rNeg    . . .        (helmet currently unavailable)
rPois   .            (no amulet)
rElec   .            (no ring)
rCorr   .            (no ring)
SInv    .            (no ring)
Will    .....        (no ring)
Stlth   ++           (no ring)
HPRegen 0.24/turn    (no ring)
MPRegen 0.09/turn    (no ring)
                     (no ring)

%: no teleportation
@: beast-form
A: beast (slay +4), almost no armour, amphibious, 8 rings, camouflage 1,
gelatinous body 1, (nimble swimmer 1), tentacles
a: Begin Untransformation


You were in the Dungeon.
You were a hulking beast.
You visited 1 branch

Inventory:

Talismans
 b - a beast talisman (active)
Scrolls
 h - a scroll of blinking
Potions
 a - a potion of lignification
 c - a potion of curing
 e - a potion of haste
 f - 2 potions of magic
 g - a potion of berserk rage


   Skills:
 + Level 1.0 Fighting
 + Level 3.1 Dodging
 + Level 6.1 Unarmed Combat
 + Level 6.7 Shapeshifting


You had 3 spell levels left.
You didn't know any spells.
Your spell library was empty.

Dungeon Overview and Level Annotations

Branches:
Dungeon (1/1)

Altars:


Innate Abilities, Weirdness & Mutations

You are a hulking beast.
Your limbs bulge with bestial killing power. (Slay +4)
You cannot wear most types of armour.
You are amphibious.
You can wear up to eight rings at the same time.
Your skin changes colour to match your surroundings (Stealth+).
Your rubbery body absorbs attacks. (AC +1, EV +1)
((You are camouflaged when in or above water. (Stealth+)))
You have tentacles for arms and can constrict up to eight enemies at once.


Message History

The phantom is heavily damaged.
The phantom barely misses you.
You bludgeon the phantom! Your squeeze misses the phantom.
The phantom is almost destroyed.
The phantom hits you.
You feel much better. The phantom hits you!
Ouch! That really hurt!
You closely miss the phantom.
Your tentacle-slap misses the phantom.
You squeeze the phantom.
You destroy the phantom!
Your Unarmed Combat skill gained 2 levels and is now at level 5!
Your Shapeshifting skill gained 3 levels and is now at level 6!
You have reached level 2!
You have reached level 3!
Your experience leads to an increase in your attributes!
Increase (S)trength, (I)ntelligence, or (D)exterity?
You feel agile. x2
You have reached level 4!
You tentacle-slap the hound. Your grab misses the hound.
The hound is lightly wounded.
The hound barely misses you. The hound misses you.
You bludgeon the hound! Your grab misses the hound.
The hound is severely wounded.
The hound bites you but does no damage.
You barely miss the hound. You grab the hound.
The hound is severely wounded.
You constrict the hound, but do no damage.
The hound closely misses you.
You tentacle-slap the hound. You squeeze the hound.
You kill the hound!
Your Dodging skill increases to level 3!
Your Unarmed Combat skill increases to level 6!
The iguana bites you.
There is an open door, spattered with blood here.
You tentacle-slap the iguana but do no damage.
You grab the iguana.
You squeeze the iguana, but do no damage.
You constrict the iguana, but do no damage.
The iguana bites you!
You die...

▓+▓
▓.▓
▓.▓
▓o▓
▓S▓
▓l▓
▓h▓
▓.▓
▓.▓
▓.▓
▓.▓
▓)▓
▓)▓
▓.▓
▓.▓


You could see an iguana, an adder and an orc.

Vanquished Creatures
  A phantom (D)
  A hound (D)
  An endoplasm (D)
  A quokka (D)
  A frilled lizard (D)
  2 goblins (D)
7 creatures vanquished.

Notes
Turn   | Place    | Note
-------+----------+-------------------------------------------
     0 | D        | rocky1 the Octopode Shapeshifter began the quest for the
                  | Orb.
     0 | D        | Reached XP level 1. HP: 13/13 MP: 1/1
   224 | D        | Noticed an iguana
   224 | D        | Noticed a hound
   224 | D        | Noticed a phantom
   232 | D        | Killed a phantom
   233 | D        | Reached skill level 5 in Unarmed Combat
   233 | D        | Reached XP level 2. HP: 9/18 MP: 2/2
   233 | D        | Reached XP level 3. HP: 12/23 MP: 3/3
   233 | D        | Reached XP level 4. HP: 15/28 MP: 4/4
   238 | D        | Slain by an iguana

Illustrated notes

Levels and vault maps discovered:
D:        linesprint [early_d, line_temple, items_1, d_10, items_2, lair_1,
          lair_end, items_3, orc_1, orc_end, items_4, d_15, swamp_1, shoals_1,
          snake_1, spider_1, d_20, vaults_1, items_5, swamp_end, shoals_end,
          snake_end, spider_end, vaults_end, d_27, items_6, zot_1, zot_end,
          crypt_end, forest_end, elf_end, slime_end, tomb_end, abyss_end,
          pan_hell_end]

Skill      XL: |  1  2  3  4 |
---------------+-------------+-----
Unarmed Combat | 5 6 |  6.1
Shapeshifting  | 6 |  6.7
Dodging        | 3 |  3.1
Fighting       | |  1.0

Action                     |  1- 3 |  4- 6 || total
---------------------------+-------+-------++-------
  Melee: Unarmed           |    14 |     5 ||    19
         Tentacles         |     7 |     2 ||     9
         Constrict         |     2 |     2 ||     4
    Use: Potion            |     1 |       ||     1
 Armour: Skin              |     1 |     1 ||     2
  Dodge: Dodged            |     5 |     3 ||     8

Table legend: (Time is in decaauts)
 A = Elapsed time spent in this place.
 B = Non-inter-level travel time spent in this place.
 C = Inter-level travel time spent in this place.
 D = Time resting spent in this place.
 E = Time spent auto-exploring this place.
 F = Levels seen in this place.
 G = Mean time per level.
                   A        B        C        D        E       F      G
               +--------+--------+--------+--------+--------+-----+--------+
         Total |    236 |    236 |      0 |    207 |      0 |   1 |  236.0 |
       Dungeon |    236 |    236 |      0 |    207 |      0 |   1 |  236.0 |
               +--------+--------+--------+--------+--------+-----+--------+

Top non-repeatable levels by time:
       D: 236 daAuts
